 Dungeon Crawl Stone Soup version 0.27-a0-1384-g1422d76b99 (webtiles) character file.

Game seed: 12688582625470583486

554 blackman the Skirmisher (level 7, -3/117 HPs)
             Began as an Ogre Berserker on June 30, 2021.
             Was a Believer of Trog.
             Slain by a yak (14 damage)
             ... on level 4 of the Dungeon.
             The game lasted 00:27:50 (6144 turns).

blackman the Skirmisher (Ogre Berserker)            Turns: 6144, Time: 00:27:51

Health: -3/117     AC:  4    Str: 24    XL:     7   Next: 30%
Magic:  7/7        EV: 10    Int:  8    God:    Trog [**....]
Gold:   72         SH:  0    Dex:  8    Spells: 6/6 levels left

rFire    . . .     SeeInvis .   a - +3 dagger (elec)
rCold    . . .     Faith    .   (no shield)
rNeg     . . .     Spirit   .   y - +1 robe {Will+}
rPois    +         Reflect  .   (helmet restricted)
rElec    .         Harm     .   (no cloak)
rCorr    .         Rampage  .   (gloves unavailable)
Will     +++..                  (boots unavailable)
Stlth    ..........             (no amulet)
HPRegen  1.29/turn              o - ring of poison resistance
MPRegen  0.10/turn              (no ring)

@: berserking, strong-willed, regenerating, very quick
A: large, unfitting armour, tough skin 1
a: Renounce Religion, Berserk, Trog's Hand


You were on level 4 of the Dungeon.
You worshipped Trog.
Trog was pleased with you.
You visited 1 branch of the dungeon, and saw 5 of its levels.

You collected 197 gold pieces.
You spent 125 gold pieces at shops.

Inventory:

Hand Weapons
 a - a +3 dagger of electrocution (weapon)
 b - a +0 hunting sling
 i - a +0 club
 m - a +0 long sword
 r - a +0 hand axe
Missiles
 E - 2 silver javelins (quivered)
 G - 5 curare-tipped darts
 J - 3 stones
Armour
 d - a +0 leather armour
 n - a +0 robe
 p - a +0 robe
 s - a +0 robe
 y - a +1 robe of willpower (worn)
 D - the +2 helmet "Ocwuanoah" {rElec}
   (You found it on level 4 of the Dungeon)

   rElec:     It insulates you from electricity.
 I - a +0 animal skin
Magical Staves
 x - a staff of death
Jewellery
 o - a ring of poison resistance (left hand)
 u - a ring of flight
 A - a ring of magical power
 F - the amulet "Kigor" {RegenMP Rampage Stlth+}
   (You bought it in a shop on level 4 of the Dungeon)

   [amulet of magic regeneration]

   It increases your rate of magic regeneration.Rampage: It bestows one free
   step when moving towards enemies.
   Stlth:     It makes you more stealthy.
Scrolls
 c - a scroll of fog {unknown}
 f - a scroll of torment {unknown}
 g - a scroll of magic mapping {unknown}
 j - 2 scrolls of amnesia {unknown}
 l - a scroll of enchant armour {unknown}
 q - 2 scrolls of identify {unknown}
 v - a scroll of noise {unknown}
 z - a scroll of teleportation {unknown}
 H - a scroll of summoning {unknown}
Potions
 e - 2 potions of flight {unknown}
 h - 2 potions of cancellation {unknown}
 k - a potion of brilliance {unknown}
 t - 2 potions of curing {unknown}
 w - 2 potions of lignification {unknown}
 B - a potion of magic {unknown}
 C - a potion of haste {unknown}


   Skills:
 + Level 7.1 Fighting
 + Level 2.6 Short Blades
 - Level 4.1 Axes
 + Level 4.7 Dodging


You had 6 spell levels left.
You didn't know any spells.
Your spell library contained the following spells:

 Spells                   Type           Power      Damage    Failure   Level
 Sandblast                Erth           0%         2d4       41%         1
 Passwall                 Tmut/Erth      0%         N/A       54%         2
 Stone Arrow              Conj/Erth      0%         3d7       78%         3
 Petrify                  Tmut/Erth      0%         N/A       99%         4
 Lee's Rapid Deconstruct  Erth           0%         3d5*      100%        5


Dungeon Overview and Level Annotations

Branches:
Dungeon (5/15)
 Temple: D:4-7

Altars:
Trog
The Shining One

Shops:
D:4 *


Innate Abilities, Weirdness & Mutations

You are too large for most types of armour.
You have tough skin. (AC +1)


Message History

An orc comes into view. It is wielding a +0 flail.
An orc is nearby!
A yak comes into view.
The yak bellows!
You hear a bellow! x3 4 yaks come into view.
The orc shouts!
The yak bellows! x2
Found 14 stones.
The yak gores you!
There is a stone staircase leading up here.
The yak gores you. x2
You climb upwards.
There is a stone staircase leading down here.
The yak gores you. The yak gores you!
You hit the yak.
The yak is lightly wounded.
The yak barely misses you. The yak gores you!
You are too injured to fight recklessly!
Your skin crawls.
You feel strong-willed. The yak gores you!
* * * LOW HITPOINT WARNING * * *
The yak barely misses you.
A red film seems to cover your vision as you go berserk!
You feel yourself moving faster!
You feel mighty! The yak barely misses you. The yak gores you!
* * * LOW HITPOINT WARNING * * *
You are too injured to fight recklessly!
You are too injured to fight recklessly!
You barely miss the yak.
The yak is lightly wounded.
The yak gores you but does no damage.
You puncture the yak!
The yak is heavily wounded.
The yak closely misses you.
You hit the yak. Lightning courses through the yak!
The yak is almost dead.
The yak gores you!
* * * LOW HITPOINT WARNING * * *
The yak gores you!
You die...

...##......##
.......##...##.....##
....#.##....#8.....8
#.#.........##.....#
###.........##8...8#
#...##....##.....##
##.####...#8....$8#
#..####...##.....#
###..##.#.#.##8Y@Y8#
##........#.####>###
...#.......########
#####.........#..##
## ##...........##
.###..>.....#####
.##.....<.....#
..............#####
.....#............#


You could see 2 yaks.

Vanquished Creatures
  Sigmund (D:5)
  2 scorpions
  A centaur skeleton (D:4)
  A hound (D:4)
  An orc wizard (D:3)
  A hound skeleton (D:5)
  6 adders
  2 dart slugs (D:3)
  10 orcs
  4 endoplasms
  7 giant cockroaches
  10 goblins
  9 hobgoblins
  11 jackals
  4 quokkas
  10 ball pythons
  5 bats
  3 frilled lizards
  7 kobolds
  5 rats
100 creatures vanquished.

Notes
Turn   | Place    | Note
-------+----------+-------------------------------------------
     0 | D:1      | blackman the Ogre Berserker began the quest for the Orb.
     0 | D:1      | Reached XP level 1. HP: 24/24 MP: 1/1
   309 | D:1      | Reached XP level 2. HP: 26/32 MP: 2/2
  1030 | D:1      | Found a faded altar of an unknown god.
  1092 | D:1      | Reached XP level 3. HP: 40/40 MP: 3/3
  1179 | D:1      | Reached ** piety under Trog
  1835 | D:2      | Reached skill level 5 in Fighting
  1934 | D:2      | Reached XP level 4. HP: 25/50 MP: 4/4
  3195 | D:2      | You fall into a shaft and drop 2 floors!
  3197 | D:4      | Noticed a scorpion
  3687 | D:3      | Reached XP level 5. HP: 36/57 MP: 5/5
  4835 | D:4      | Reached skill level 6 in Fighting
  4835 | D:4      | Reached skill level 1 in Short Blades
  4835 | D:4      | Reached XP level 6. HP: 57/67 MP: 6/6
  4976 | D:4      | Found a glowing golden altar of the Shining One.
  5029 | D:4      | Reached *** piety under Trog
  5141 | D:4      | Found a bloodstained altar of Trog.
  5205 | D:4      | Identified the +2 helmet "Ocwuanoah" {rElec}
  5289 | D:4      | Found Liutt's Assorted Antiques.
  5292 | D:4      | Bought a heavily runed garnet amulet for 125 gold pieces
  5292 | D:4      | Identified the amulet "Kigor" {RegenMP Rampage Stlth+} (You
                  | bought it in a shop on level 4 of the Dungeon)
  5827 | D:5      | Entered Level 5 of the Dungeon
  5827 | D:5      | Noticed Sigmund
  5842 | D:5      | Killed Sigmund
  5843 | D:5      | Reached XP level 7. HP: 76/76 MP: 7/7
  5894 | D:5      | Reached skill level 7 in Fighting
  6120 | D:5      | Noticed a yak
  6121 | D:5      | Noticed a yak
  6121 | D:5      | Noticed a yak
  6121 | D:5      | Noticed a yak
  6121 | D:5      | Noticed a yak
  6144 | D:4      | Slain by a yak

Illustrated notes

Levels and vault maps discovered:
D:1:      dpeg_arrival_line_fractal, layout_rooms,
          hellmonk_ecumenical_altar_run_dry, minmay_small_reverse_x
D:2:      layout_loops_cross
D:3:      minmay_recursive_quarters, layout_basic
D:4:      layout_cave_pools, trog_three_pillars_becter,
          nicolae_overflow_hidden_temple, nicolae_tso_carved_into_rock,
          serial_glass, glass_columns_a, glass_columns_b, serial_shops,
          nicolae_shop_behind_doors, hangedman_abyss_or_decor_slice
D:5:      layout_cave_pods, gammafunk_temple_overflow_wave,
          cheibrodos_worm_habitat, uniq_sigmund

Skill      XL: |  1  2  3  4  5  6  7 |
---------------+----------------------+-----
Dodging        | 3 4 |  4.7
Fighting       | 5 6 7 |  7.1
Axes           | 4 |  4.1
Short Blades   | 1 2 |  2.6

Action                   |  1- 3 |  4- 6 |  7- 9 || total
-------------------------+-------+-------+-------++-------
Melee: Hand axe          |   120 |    84 |       ||   204
       Dagger            |       |    52 |    18 ||    70
 Fire: Hunting sling     |       |     3 |       ||     3
Invok: Berserk           |     1 |     2 |     1 ||     4
       Trog's Hand       |       |     2 |     1 ||     3
Armor: Animal skin       |    51 |       |       ||    51
       Robe              |       |    33 |     1 ||    34
Dodge: Dodged            |    93 |    81 |     8 ||   182

Table legend: (Time is in decaauts)
 A = Elapsed time spent in this place.
 B = Non-inter-level travel time spent in this place.
 C = Inter-level travel time spent in this place.
 D = Time resting spent in this place.
 E = Time spent auto-exploring this place.
 F = Levels seen in this place.
 G = Mean time per level.
                   A        B        C        D        E       F      G
               +--------+--------+--------+--------+--------+-----+--------+
         Total |   6183 |   5652 |    531 |   2410 |   2207 |   5 | 1236.6 |
       Dungeon |   6183 |   5652 |    531 |   2410 |   2207 |   5 | 1236.6 |
               +--------+--------+--------+--------+--------+-----+--------+

Top non-repeatable levels by time:
     D:2: 1828 daAuts
     D:3: 1643 daAuts
     D:1: 1392 daAuts
     D:4: 1005 daAuts
     D:5: 314 daAuts
